AoeStats
← Dr. Nick Riviera

Black Forest

506754688Analyzed
4v4 RM · 17d ago on Sep 15, 2026· 57m 16s· 8 players
Game mode
Random Map
Map size
Large (8 player)
Population
200
Speed
Normal
Resources
Standard
Victory
Conquest
Starting age
Dark Age
Ending age
Imperial Age
RankedLock teamsTeams togetherTeam positionsShared explorationLock speedFull tech treeHidden civsTurbo modeCheats
Victory
Defeat
🇺🇸 Muisca · United States
1083
+14
🇺🇸 Hindustanis · United States
1048
+15
🇳🇱 Armenians · Netherlands
975
+18
🇬🇧 Lithuanians · United Kingdom
919
+20
🇲🇽 Wei · Mexico
1137
-21
🇨🇱 Aztecs · Chile
1019
-17
🇨🇱 Inca · Chile
1007
-16
🇨🇱 Spanish · Chile
929
-13
DrJorgexx
0:34 Loom
13:35 Feudal Age
15:05 Double-Bit Axe
17:55 Castle Age
15:55 Horse Collar
19:55 Heavy Plow
24:05 Gold Mining
24:11 Stone Mining
25:33 Wheelbarrow
27:01 Stone Shaft Mining
27:08 Bow Saw
31:32 Imperial Age
29:23 Hand Cart
29:31 Caravan
30:15 Coinage
30:21 Town Watch
30:54 Padded Archer Armor
30:45 Fletching
31:19 Town Patrol
33:25 Leather Archer Armor
33:06 Bodkin Arrow
33:44 Conscription
35:19 Scale Barding Armor
35:27 Forging
35:46 Ming Guang Armor
36:01 Gold Shaft Mining
35:17 Elite Tiger Cavalry
36:33 Hoardings
36:18 Tuntian
37:46 Chain Barding Armor
37:27 Bracer
37:53 Ballistics
38:50 Iron Casting
38:45 Ring Archer Armor
39:00 Parthian Tactics
41:12 Thumb Ring
42:26 Chemistry
42:30 Blast Furnace
48:03 Murder Holes
48:19 Masonry
50:00 Bloodlines
50:41 Husbandry
Mitik0
0:33 Loom
10:50 Feudal Age
15:02 Town Watch
16:02 Horse Collar
19:40 Castle Age
18:14 Stone Mining
21:25 Double-Bit Axe
27:39 Gold Mining
29:37 Fervor
32:27 Forging
32:56 Wheelbarrow
35:55 Fletching
37:08 Hand Cart
41:51 Imperial Age
39:34 Husbandry
39:47 Bloodlines
39:00 Light Cavalry
40:34 Town Patrol
40:32 Bodkin Arrow
40:38 Padded Archer Armor
41:13 Iron Casting
40:38 Scale Mail Armor
40:43 Scale Barding Armor
42:49 Stone Shaft Mining
42:36 Ballistics
42:30 Masonry
42:17 Murder Holes
42:05 Elite Skirmisher
42:52 Thumb Ring
43:41 Hoardings
42:46 Elite Conquistador
44:06 Hussar
44:09 Cavalier
46:10 Paladin
49:51 Blast Furnace
48:52 Scale Mail Armor
48:57 Scale Barding Armor
48:52 Bracer
49:07 Leather Archer Armor
50:00 Chemistry
50:22 Heavy Plow
52:19 Architecture
54:35 Chain Barding Armor
54:31 Chain Mail Armor
54:47 Ring Archer Armor
Dr. Nick Riviera
7:50 Loom
14:50 Feudal Age
20:37 Castle Age
19:21 Double-Bit Axe
19:04 Man-at-Arms
20:02 Stone Mining
21:54 Horse Collar
34:30 Bow Saw
34:30 Heavy Plow
39:58 Imperial Age
37:55 Forging
37:46 Scale Mail Armor
39:42 Iron Casting
39:15 Squires
40:17 Wheelbarrow
41:45 Blast Furnace
40:09 Pikeman
49:34 Chain Mail Armor
53:03 Plate Mail Armor
52:28 Fletching
52:38 Padded Archer Armor
52:49 Elite Skirmisher
54:37 Bodkin Arrow
55:13 Leather Archer Armor
McNulty
2:15 Loom
11:40 Feudal Age
11:46 Champi Runner
12:32 Double-Bit Axe
25:39 Castle Age
23:46 Horse Collar
26:51 Bow Saw
33:05 Wheelbarrow
32:37 Gold Mining
32:51 Heavy Plow
33:23 Fletching
33:33 Padded Archer Armor
34:16 Thumb Ring
36:27 Bodkin Arrow
38:18 Leather Archer Armor
38:20 Fortified Wall
41:22 Imperial Age
38:39 Town Watch
42:16 Bracer
42:45 Conscription
42:36 Andean Sling
42:49 Elite Kamayuk
44:59 Ring Archer Armor
44:53 Ballistics
45:33 Chemistry
47:08 Champi Warrior
47:59 Elite Skirmisher
48:37 Elite Champi Warrior
49:33 Scale Mail Armor
49:43 Forging
49:34 Guard Tower
50:08 Capped Ram
51:52 Iron Casting
55:46 Chain Mail Armor
56:32 Blast Furnace
PuneMahaWarrior
3:02 Loom
12:53 Feudal Age
18:48 Castle Age
17:46 Double-Bit Axe
18:11 Horse Collar
19:52 Bow Saw
20:04 Heavy Plow
21:37 Heavy Plow
24:46 Wheelbarrow
23:56 Town Watch
24:59 Gold Mining
25:47 Fletching
26:44 Stone Mining
28:27 Crossbowman
29:39 Bodkin Arrow
33:07 Herbalism
33:41 Ballistics
34:24 Squires
33:44 Champi Runner
34:33 Murder Holes
36:23 Scale Mail Armor
37:13 Thumb Ring
39:57 Imperial Age
37:57 Hand Cart
37:59 Chain Mail Armor
39:33 Forging
40:27 Arbalester
41:09 Bracer
41:36 Padded Archer Armor
42:39 Conscription
44:12 Leather Archer Armor
44:59 Chemistry
44:05 Siege Engineers
43:47 Champi Warrior
44:58 Plate Mail Armor
45:04 Iron Casting
50:06 Elite Champi Warrior
Welches So Wavy
0:30 Loom
16:16 Feudal Age
21:28 Castle Age
19:49 Double-Bit Axe
19:51 Horse Collar
25:12 Wheelbarrow
26:12 Heavy Plow
26:26 Bow Saw
27:03 Hand Cart
35:49 Imperial Age
33:38 Gold Mining
33:39 Stone Mining
34:48 Grand Trunk Road
36:32 Ballistics
36:09 Murder Holes
36:37 Forging
36:32 Scale Barding Armor
36:32 Scale Mail Armor
37:09 Gold Shaft Mining
36:09 Heavy Camel Rider
37:18 Conscription
37:17 Caravan
37:55 Bloodlines
37:46 Husbandry
37:11 Elite Skirmisher
37:58 Thumb Ring
39:04 Iron Casting
39:03 Imperial Camel Rider
41:53 Elite Ghulam
43:36 Chain Barding Armor
44:19 Blast Furnace
44:59 Chain Barding Armor
45:30 Chain Mail Armor
50:57 Plate Barding Armor
De_Profeet
8:17 Loom
11:25 Feudal Age
11:30 Man-at-Arms
12:07 Double-Bit Axe
12:39 Long Swordsman
13:46 Scale Mail Armor
16:05 Horse Collar
17:13 Gold Mining
18:44 Stone Mining
19:35 Wheelbarrow
24:35 Castle Age
23:22 Forging
24:18 Fletching
25:57 Heavy Plow
26:09 Bow Saw
27:07 Gold Shaft Mining
28:52 Chain Mail Armor
32:10 Imperial Age
30:00 Two-Handed Swordsman
30:26 Gambesons
31:49 Hand Cart
33:55 Caravan
33:24 Champion
36:56 Capped Ram
38:39 Siege Ram
40:19 Iron Casting
40:46 Plate Mail Armor
50:00 Blast Furnace
50:34 Crossbowman
51:09 Elite Composite Bowman
51:19 Arbalester
53:12 Ballistics
53:43 Bodkin Arrow
54:24 Elite Skirmisher
neethgiE
4:26 Loom
11:37 Feudal Age
18:27 Castle Age
17:34 Double-Bit Axe
17:53 Horse Collar
18:36 Stone Mining
18:37 Gold Mining
27:06 Caravan
33:57 Imperial Age
33:37 Ballistics
34:51 Padded Archer Armor
34:42 Fletching
36:10 Chemistry
35:39 Conscription
41:40 Forging
41:31 Scale Mail Armor
51:22 Elite Leitis
54:56 Scale Barding Armor
55:27 Iron Casting
57:14 Chain Barding Armor
58:06 Bloodlines
Connection lost

Rejoining the realm…

Still unreachable

The connection could not be restored.

Session expired

The server has moved on; the page needs a fresh start.